AoeStats
← aDT_The Night Panda

Arabia

504529233Analyzed
2v2 RM · 26d ago on Sep 5, 2026· 21m 21s· 4 players
Game mode
Random Map
Map size
Medium (4 player)
Population
200
Speed
Normal
Resources
Standard
Victory
Conquest
Starting age
Dark Age
Ending age
Imperial Age
RankedLock teamsTeams togetherTeam positionsShared explorationLock speedFull tech treeHidden civsTurbo modeCheats
Victory
Defeat
🇩🇰 Teutons · Denmark
1918
+4
🇩🇰 Ethiopians · Denmark
1764
+8
🇹🇷 Khmer · Türkiye
1586
-6
🇹🇷 Italians · Türkiye
1582
-6
DK | Good_luck
6:01 Loom
8:32 Feudal Age
9:23 Double-Bit Axe
17:06 Forging
17:42 Wheelbarrow
21:18 Castle Age
19:13 Horse Collar
20:03 Scale Barding Armor
20:46 Bloodlines
aDT_The Night Panda
9:03 Feudal Age
8:37 Loom
10:02 Double-Bit Axe
13:06 Fletching
17:44 Padded Archer Armor
sinx
6:20 Loom
9:29 Feudal Age
13:05 Double-Bit Axe
18:54 Fletching
Kataklysm
4:27 Loom
9:03 Feudal Age
9:41 Double-Bit Axe
21:56 Castle Age
20:37 Bloodlines
Connection lost

Rejoining the realm…

Still unreachable

The connection could not be restored.

Session expired

The server has moved on; the page needs a fresh start.